 Dungeon Crawl Stone Soup version 0.24-a0-484-g962a3eeff7 (webtiles) character file.

Game seed: 7900103667284579310

240 DasRunzen the Skirmisher (level 5, 0/42 HPs)
             Began as a Demonspawn Fighter on July 9, 2019.
             Succumbed to an orc priest's poison
             ... on level 3 of the Dungeon.
             The game lasted 00:04:39 (2353 turns).

DasRunzen the Skirmisher (Demonspawn Fighter)       Turns: 2353, Time: 00:04:40

Health: 0/42       AC:  9    Str: 17    XL:     5   Next: 80%
Magic:  5/5        EV:  7    Int: 14    God:
Gold:   134        SH: 10    Dex: 13    Spells: 4/4 levels left

rFire    . . .     SeeInvis .   a - +1 trident
rCold    . . .     Gourm    .   c - +1 shield
rNeg     . . .     Faith    .   b - +0 scale mail
rPois    .         Spirit   .   (no helmet)
rElec    .         Reflect  .   (no cloak)
rCorr    .         Harm     .   (no gloves)
MR       .....                  (no boots)
Stlth    ..........             (no amulet)
HPRegen  0.14/turn              (no ring)
MPRegen  0.09/turn              (no ring)

@: brilliant, lethally poisoned (0 -> -3), very slightly contaminated, invisible
A: hooves 1, iridescent scales 1, demonic guardian 1, spiny 1
a: no special abilities


You were on level 3 of the Dungeon.
You were hungry.

You visited 1 branch of the dungeon, and saw 3 of its levels.

You collected 134 gold pieces.

Inventory:

Hand Weapons
 a - a +1 trident (weapon)
Armour
 b - a +0 scale mail (worn)
 c - a +1 shield (worn)
Scrolls
 e - a scroll of teleportation
Potions
 d - a potion of might
 g - 2 potions of haste
 h - 2 potions of magic
 i - 2 potions of berserk rage
Comestibles
 f - 6 rations


   Skills:
 + Level 4.1 Fighting
 + Level 3.1 Polearms
 + Level 3.7 Armour
 + Level 3.7 Shields


You had 4 spell levels left.
You didn't know any spells.
Your spell library was empty.

Dungeon Overview and Level Annotations

Branches:
Dungeon (3/15)

Altars:
Fedhas


Innate Abilities, Weirdness & Mutations

You have large cloven feet.
You are partially covered in iridescent scales. (AC +2)
A weak demonic guardian rushes to your aid.
You are partially covered in sharp spines.


Message History

* * * LOW HITPOINT WARNING * * *
You feel sick.
Things that are here:
a +0 leather armour; an orc corpse
Things that are here:
a +0 hand axe of venom; a +0 leather armour
* * * LOW HITPOINT WARNING * * *
You feel sick.
Things that are here:
a +0 leather armour; an orc corpse
Things that are here:
a +0 leather armour; an orc corpse
There is a lethal amount of poison in your body!
There is a lethal amount of poison in your body!
There is a lethal amount of poison in your body!
* * * LOW HITPOINT WARNING * * *
You feel sick.
Things that are here:
a +0 leather armour; an orc corpse You die...

######## #....... #)######
#########.# # #
#.........# #### ##.####
#.######### #... #......
#.# #.##
.......####.###########.##
#))[@)........##)....
#.####.######.##.#.##
#.####.###.........#
#.............##.###
##########)...##.#
##.....##.# ####......##.#
#.....# #.........##.##
.....# #.##..........#


There were no monsters in sight!

Vanquished Creatures
  2 orc priests (D:3)
  2 orc wizards (D:3)
  2 adders (D:3)
  An ooze (D:3)
  2 worms (D:2)
  3 dart slugs
  3 orcs
  3 giant cockroaches
  3 goblins
  11 hobgoblins
  15 kobolds
  A quokka (D:3)
  5 bats
  6 frilled lizards
  13 rats
72 creatures vanquished.

Vanquished Creatures (collateral kills)
  An orc wizard (D:2)
  3 orcs (D:3)
  A frilled lizard (D:3)
5 creatures vanquished.

Grand Total: 77 creatures vanquished

Notes
Turn   | Place    | Note
-------+----------+-------------------------------------------
     0 | D:1      | DasRunzen the Demonspawn Fighter began the quest for the
                  | Orb.
     0 | D:1      | Reached XP level 1. HP: 18/18 MP: 1/1
   187 | D:1      | Gained mutation: A weak demonic guardian rushes to your
                  | aid. [demonic ancestry]
   187 | D:1      | Reached XP level 2. HP: 24/24 MP: 2/2
   988 | D:2      | Gained mutation: You have large cloven feet. [demonic
                  | ancestry]
   988 | D:2      | Reached XP level 3. HP: 29/29 MP: 3/3
  1360 | D:2      | Found a blossoming altar of Fedhas.
  1777 | D:3      | Gained mutation: You are partially covered in iridescent
                  | scales. (AC +2) [demonic ancestry]
  1777 | D:3      | Reached XP level 4. HP: 29/36 MP: 4/4
  1971 | D:3      | Gained mutation: You are partially covered in sharp spines.
                  | [demonic ancestry]
  1971 | D:3      | Reached XP level 5. HP: 42/42 MP: 5/5
  2204 | D:3      | Reached skill level 4 in Fighting
  2346 | D:3      | HP: 2/42 [poisoned by an orc priest]
  2351 | D:3      | HP: 1/42 [poisoned by an orc priest]
  2353 | D:3      | Succumbed to an orc priest's poison

Levels and vault maps discovered:
D:1:      dpeg_arrival_simpleton_b, layout_basic, minmay_octomino_c4
D:2:      layout_basic, fedhas_ov_isle_minmay, first_ration, kennysheep_doodads,
          minmay_quadrilaterals
D:3:      layout_loops_ring

Skill      XL: |  1  2  3  4  5 |
---------------+----------------+-----
Polearms       | 2 3 |  3.1
Shields        | 3 |  3.7
Armour         | 3 |  3.7
Fighting       | 4 |  4.1

Action                   |  1- 3 |  4- 6 || total
-------------------------+-------+-------++-------
Melee: Trident           |   141 |    66 ||   207
       Kick              |    15 |    16 ||    31
  Use: Scroll            |     8 |       ||     8
       Potion            |       |     2 ||     2
 Stab: Invisible         |       |     1 ||     1
  Eat: Chunk             |     2 |     2 ||     4
Armor: Scale mail        |    41 |    27 ||    68
Dodge: Dodged            |    20 |    13 ||    33
Block: Shield            |    39 |    30 ||    69

Table legend:
 A = Non-vault XP
 B = Vault XP
 C = Vault XP percentage of total XP
 D = Non-vault monster count
 E = Vault monster count
 F = Vault count percentage of total count
                 A         B        C        D         E       F
            +---------+---------+-------+---------+---------+-------
      Total |     329 |      15 |   4.4 |      67 |      10 |  13.0
            +---------+---------+-------+---------+---------+-------
        D:1 |      25 |       9 |  26.5 |      12 |       6 |  33.3
        D:2 |      79 |       6 |   7.1 |      30 |       4 |  11.8
        D:3 |     225 |       0 |   0.0 |      25 |       0 |   0.0
            +---------+---------+-------+---------+---------+-------
